 Dungeon Sprint DCSS version 0.18-a0-1323-g706dcef (webtiles) character file.

0 Kidiri the Firebug (level 1, -3/10 HPs)
             Began as a Deep Elf Fire Elementalist on Feb 15, 2016.
             Was an Initiate of Sif Muna.
             Slain by a river rat (10 damage)
             ... in the Dungeon (Sprint VII: "The Pits").
             The game lasted 00:00:47 (188 turns).

Kidiri the Firebug (Deep Elf Fire Elementalist)      Turns: 188, Time: 00:00:48

Health: -3/10      AC:  2    Str:  5    XL:     1   Next: 8%
Magic:  3/6        EV: 13    Int: 19    God:    Sif Muna [......]
Gold:   0          SH:  0    Dex: 15    Spells: 1 memorised, 5 levels left

rFire  . . .     SeeInvis .     q - staff of energy
rCold  . . .     Gourm    .     a - +0 robe
rNeg   . . .     Faith    .     (no shield)
rPois  .         Spirit   .     (no helmet)
rElec  .         Dismiss  .     (no cloak)
rCorr  .         Reflect  .     (no gloves)
SustAt .         Harm     .     (no boots)
MR     .....     NoTele   +     (no amulet)
Stlth  ++........               (no ring)
                                (no ring)

@: not resistant to hostile enchantments, unstealthy
A: no striking features
a: Renounce Religion


You were in the Dungeon.
You worshipped Sif Muna.
Sif Muna was noncommittal.
You were not hungry.

You visited 1 branch

Inventory:

Armour
 a - a +0 robe (worn)
Magical Staves
 q - an uncursed staff of energy (weapon)
Scrolls
 i - a scroll of blinking
 m - 3 scrolls of remove curse
 n - 5 scrolls of amnesia
 o - a scroll of summoning
 p - 2 scrolls of vulnerability
Potions
 d - a potion of curing
 e - a potion of heal wounds
 f - a potion of haste
 g - 4 potions of magic
 h - 3 potions of berserk rage
 l - 2 potions of invisibility
Books
 b - a book of Flames

   Spells                             Type                      Level
   a - Flame Tongue                   Conjuration/Fire             1
   b - Throw Flame                    Conjuration/Fire             2
   c - Conjure Flame                  Conjuration/Fire             3
   d - Inner Flame                    Hexes/Fire                   3
   e - Sticky Flame                   Conjuration/Fire             4
   f - Fireball                       Conjuration/Fire             5
Comestibles
 c - 8 bread rations
 j - 40 fruits
 k - 7 meat rations


   Skills:
 + Level 0.2 Fighting
 + Level 0.0 Staves
 + Level 0.2 Armour
 * Level 2.5 Dodging
 + Level 2.4 Stealth
 * Level 3.1 Spellcasting
 + Level 1.2 Conjurations
 + Level 3.3 Fire Magic
 + Level 0.0 Invocations
 + Level 0.0 Evocations


You had 5 spell levels left.
You knew the following spells:

 Your Spells              Type           Power        Failure   Level  Hunger
a - Flame Tongue          Conj/Fire      ##...        8%          1    None


Dungeon Overview and Level Annotations

Branches:
Dungeon (1/1)

Altars:
Ashenzari
Cheibriados
Dithmenos
Elyvilon
Fedhas
Gozag
Kikubaaqudgha
Makhleb
Nemelex Xobeh
Okawaru
Pakellas
Qazlal
Ru
Sif Muna
Trog
Vehumet
Xom
Yredelemnul
Zin
The Shining One
Beogh
Jiyva
Lugonu


Message History

The flame tongue hits the river rat.
The river rat is heavily wounded.
Casting: Flame Tongue
Confirm with . or Enter, or press ? or * to list all spells.
Aiming: Flame Tongue
Press: ? - help, Shift-Dir - straight line, f/p - river rat
Aim: a river rat (heavily wounded)
The flame tongue hits the river rat.
The river rat appears unharmed.
The river rat is heavily wounded.
The river rat bites you.
Casting: Flame Tongue
Confirm with . or Enter, or press ? or * to list all spells.
Aiming: Flame Tongue
Press: ? - help, Shift-Dir - straight line, f/p - river rat
Aim: a river rat (heavily wounded)
The flame tongue misses the river rat.
The flame tongue misses the ball python.
The river rat bites you!
Ouch! That really hurt!
You die...

############
#__________#
#__________#
#_#####+##############++
#_#)))+.+..##...........
#_#)))#.#.(##......#..#.
#######+#####...........
#.......Sr@.'...........
#+#####'#####......#..#.
#.....# #...........
#.....# ####+#####++
###+### #.......#
#.......# #.......#
#...<...# #.......#


You could see a river rat and a ball python.

Vanquished Creatures
  A giant cockroach zombie (D)
1 creature vanquished.

Notes
Turn   | Place    | Note
--------------------------------------------------------------
     0 | D        | Kidiri the Deep Elf Fire Elementalist began the quest for the Orb.
     0 | D        | Reached XP level 1. HP: 10/10 MP: 6/6
    36 | D        | Found a sacrificial altar of Ru.
    36 | D        | Found a basalt altar of Yredelemnul.
    36 | D        | Found a shadowy altar of Dithmenos.
    36 | D        | Found a deep blue altar of Sif Muna.
    36 | D        | Found a burning altar of Makhleb.
    36 | D        | Found a shimmering altar of Xom.
    36 | D        | Found an ancient bone altar of Kikubaaqudgha.
    36 | D        | Found a sparkling altar of Nemelex Xobeh.
    37 | D        | Found a glowing golden altar of the Shining One.
    37 | D        | Found a bloodstained altar of Trog.
    37 | D        | Found a shattered altar of Ashenzari.
    37 | D        | Found a white marble altar of Elyvilon.
    37 | D        | Found a snail-covered altar of Cheibriados.
    37 | D        | Found a blossoming altar of Fedhas.
    37 | D        | Found a radiant altar of Vehumet.
    37 | D        | Found a glowing silver altar of Zin.
    37 | D        | Found a corrupted altar of Lugonu.
    37 | D        | Found a viscous altar of Jiyva.
    37 | D        | Found a roughly hewn altar of Beogh.
    37 | D        | Found an iron altar of Okawaru.
    38 | D        | Found an oddly glowing altar of Pakellas.
    40 | D        | Became a worshipper of Sif Muna the Loreminder
    44 | D        | Found a stormy altar of Qazlal.
    45 | D        | Found an opulent altar of Gozag.
   188 | D        | Slain by a river rat

Vault maps used:
D:        pitsprint

Action                   || total
-------------------------++-------
 Cast: Flame Tongue      ||     4
